Map: Cyber Forest LE

Players

GOReynor (Reynor) - Winner!

  • Race: Zerg Zerg
  • League: Master
  • Spawn Location: 5:00

Harstem

  • Race: Protoss Protoss
  • League: Grandmaster
  • Spawn Location: 11:00

Event: 2019 Assembly Summer

VOD

Have the link to the VOD?

Description

Time

  • Played on: Aug. 1, 2019, 7 a.m.
  • Length: 9:08

All games in this series

Show
View Real Time Build Order
Export as new Build Order

GOReynor Zerg - Winner!

Build Orders: Hatch First 

Get SALT Encoding   

  12  0:00  Drone  
  13  0:12  Overlord  
  13  0:17  Drone  
  14  0:30  Drone  
  14  0:31  Drone  
  16  0:48  Hatchery  
  15  0:52  Drone  
  15  0:56  Drone  
  17  0:59  Drone  
  18  1:10  Extractor  
  17  1:14  Spawning Pool  
  17  1:17  Drone  
  17  1:20  Drone  
  18  1:28  Drone  
  19  1:39  Drone  
  20  1:50  Overlord  
  20  2:01  Drone x2, Queen x2  
  26  2:12  Zergling x4  
  28  2:23  Hatchery  
  28  2:26  Drone  
  28  2:28  Drone  
  29  2:38  Overlord  
  29  2:41  Drone  
  29  2:43  Drone  
  31  2:47  Drone  
  32  2:53  Queen  
  32  2:55  Drone x2  
  36  3:04  Drone x2  
  38  3:11  Drone x4, Overlord  
  42  3:13  Drone  
  43  3:20  Lair  
  43  3:25  Roach Warren  
  42  3:27  Drone  
  42  3:29  Drone  
  42  3:31  Drone  
  42  3:32  Drone  
  46  3:35  Drone  
  46  3:38  Drone  
  46  3:40  Drone  
  49  3:45  Drone x2  
  49  3:46  Extractor  
  49  3:47  Drone x2, Extractor  
  51  3:50  Overlord  
  51  3:51  Drone  
  52  3:59  Drone  
  53  4:06  Roach x2  
  53  4:07  Overlord  
  53  4:09  Roach x2  
  63  4:10  Roach  
  63  4:14  Roach  
  65  4:18  Overseer  
  65  4:23  Overlord  
  65  4:25  Drone x3, Queen  
  65  4:26  Overseer  
  65  4:28  Roach  
  65  4:30  Roach  
  73  4:40  Overlord  
  73  4:42  Roach x2  
  73  4:44  Drone x4  
  81  4:57  Overlord  
  80  5:04  Drone x7  
  85  5:07  Queen  
  85  5:13  Overseer, Overlord  
  85  5:14  Drone  
  85  5:15  Drone x3  
  85  5:19  Spire  
  85  5:20  Drone  
  89  5:23  Drone x3  
  89  5:25  Extractor  
  89  5:27  Drone  
  89  5:28  Spore Crawler, Drone  
  91  5:33  Roach  
  91  5:34  Roach  
  96  5:39  Glial Reconstitution, Roach  
  96  5:40  Drone  
  96  5:41  Overlord  
  99  5:43  Drone, Extractor  
  99  5:44  Drone, Extractor  
  99  5:47  Overlord  
  99  5:53  Spore Crawler, Evolution Chamber  
  99  5:56  Overlord  
  97  6:00  Drone x4  
  101  6:06  Queen  
  101  6:07  Overlord  
  101  6:20  Drone  
  101  6:23  Overlord  
  102  6:28  Hatchery  
  100  6:33  Queen  
  100  6:34  Mutalisk x7  
  116  6:41  Overlord  
  116  6:45  Zerg Melee Weapons Level 1  
  116  6:48  Overlord  
  116  6:51  Drone  
  116  6:52  Drone x7  
  116  6:54  Baneling Nest  
  123  6:58  Overlord  
  123  7:03  Pneumatized Carapace  
  123  7:04  Mutalisk x2  
  123  7:07  Drone x4  
  131  7:11  Extractor  
  131  7:12  Roach x3  
  136  7:16  Drone, Extractor  
  136  7:17  Overlord  
  136  7:18  Evolution Chamber  
  136  7:21  Mutalisk  
  137  7:33  Zergling x18  
  137  7:34  Metabolic Boost  
  146  7:45  Overlord  
  146  7:50  Zergling x12  
  152  7:55  Zergling x6  
  152  7:58  Zergling x6  
  158  8:01  Drone x4  
  158  8:02  Ravager x2  
  158  8:03  Ravager x3  
  158  8:05  Zergling x4  
  169  8:08  Zergling x2  
  170  8:15  Baneling x19  
  170  8:25  Zergling x12  
  176  8:27  Zergling x6  
  176  8:32  Roach x2, Zergling x2  
  176  8:34  Overlord  
  184  8:36  Baneling x14  
  181  9:00  Hatchery  
Show
View Real Time Build Order
Export as new Build Order

Harstem Protoss 

Build Orders: 1 Gate Expand, Zealot Archon, Archon Drop, Dark Templar Rush 

Get SALT Encoding   

  12  0:00  Probe  
  13  0:12  Probe  
  14  0:18  Pylon  
  14  0:25  Probe  
  15  0:31  Assimilator  
  15  0:33  Probe  
  15  0:41  Probe  
  16  0:49  Gateway  
  17  0:51  Probe  
  18  1:03  Probe  
  19  1:15  Probe  
  20  1:24  Nexus  
  20  1:35  Cybernetics Core  
  20  1:36  Probe  
  21  1:41  Assimilator  
  21  1:48  Probe  
  21  1:51  Pylon  
  22  2:00  Probe  
  23  2:01  Adept  
  23  2:11  Probe  
  23  2:15  Twilight Council  
  26  2:19  Warp Gate, Probe  
  26  2:23  Stalker  
  26  2:27  Probe  
  27  2:36  Probe  
  31  2:39  Probe  
  32  2:47  Robotics Facility  
  32  2:49  Probe  
  33  2:53  Probe  
  34  3:01  Probe  
  34  3:05  Probe  
  36  3:06  Dark Shrine  
  36  3:13  Gateway, Probe  
  36  3:17  Probe  
  38  3:25  Probe  
  39  3:28  Gateway  
  39  3:30  Gateway  
  39  3:31  Warp Prism  
  39  3:32  Probe  
  40  3:37  Probe  
  41  3:45  Assimilator  
  43  3:49  Probe  
  43  3:50  Assimilator  
  43  3:53  Pylon  
  43  3:54  Probe  
  45  4:01  Probe  
  46  4:05  Pylon  
  46  4:11  Probe  
  46  4:12  Adept  
  46  4:13  Probe  
  50  4:23  Probe  
  51  4:25  Probe  
  52  4:34  Dark Templar x3  
  52  4:35  Dark Templar, Probe  
  52  4:38  Archon x2  
  61  4:41  Pylon  
  61  4:52  Nexus  
  61  5:06  Immortal  
  57  5:08  Probe  
  57  5:09  Probe  
  57  5:11  Forge  
  57  5:14  Sentry x2, Pylon  
  63  5:16  Probe  
  63  5:17  Probe  
  68  5:24  Probe  
  69  5:28  Probe  
  69  5:34  Pylon  
  69  5:35  Dark Templar, Probe  
  71  5:40  Probe  
  75  5:46  Immortal  
  75  5:48  Pylon  
  75  5:51  Probe, Charge  
  75  5:53  Probe  
  81  6:00  Gateway  
  81  6:02  Pylon  
  81  6:08  Probe  
  81  6:10  Probe  
  80  6:12  Probe  
  80  6:15  Gateway  
  80  6:17  Templar Archives  
  82  6:20  Probe  
  82  6:22  Protoss Ground Weapons Level 1, Probe x2  
  82  6:24  Zealot  
  85  6:27  Observer  
  85  6:32  Probe, Assimilator  
  87  6:33  Probe, Assimilator  
  87  6:35  Probe  
  87  6:39  Pylon  
  91  6:41  Zealot  
  91  6:45  Probe  
  94  6:48  Gateway  
  94  6:51  Probe  
  94  6:52  Gateway  
  95  6:55  Photon Cannon  
  95  6:59  Photon Cannon  
  95  7:02  Shield Battery  
  95  7:05  Dark Templar x2  
  99  7:09  Archon  
  99  7:12  High Templar x2  
  103  7:20  High Templar  
  105  7:25  Probe  
  105  7:26  Probe  
  104  7:31  Probe  
  104  7:36  High Templar  
  106  7:37  Probe  
  106  7:38  Probe  
  106  7:39  Photon Cannon  
  106  7:40  Shield Battery  
  106  7:42  Warp Prism, Pylon  
  106  7:43  Probe, Psionic Storm  
  109  7:44  Pylon  
  107  7:55  High Templar  
  107  7:57  Zealot x2  
  115  8:03  Photon Cannon  
  115  8:13  Archon x2  
  115  8:15  Stalker  
  115  8:16  Probe, Stalker x2  
  115  8:18  Warp Prism  
  120  8:20  High Templar x3  
  126  8:32  High Templar x2  
  126  8:33  Probe  
  131  8:40  Pylon  
  129  8:41  Pylon x2  
  129  8:45  Probe  
  128  8:58  Zealot x4  
  111  9:03  Stalker x2  
Tags
 
Add a new tag
Caveats
  • Supply blocks, unpowered buildings, or Contaminate may cause inaccurate times.
  • Supply counts are checked every 10 seconds.